[Event "Titled Tuesday Blitz May 03 Early 2022"]
[White "Rohith Krishna S"]
[Black "Donchenko, Alexander"]
[WhiteFideId "46617051"]
[BlackFideId "24603295"]
[WhiteElo "2117"]
[BlackElo "2539"]
[Result "0-1"]
[Round "08"]
[TimeControl "180+1"]
[Date "2022.05.03"]
[WhiteClock "0:00:29"]
[BlackClock "0:00:18"]

1. e4 c6 2. d4 d5 3. e5 Bf5 4. c3 e6 5. Bd3 Bg6 6. Ne2 c5 7. O-O Nc6 8. f4 Nh6 9. Bxg6 hxg6 10. h3 cxd4 11. Nxd4 Qb6 12. Kh2 Nf5 13. Nb3 a5 14. a4 Be7 15. Na3 Bxa3 16. Rxa3 Rc8 17. Qe1 Qa6 18. g4 Nfe7 19. Be3 g5 20. Nc5 Qa8 21. Nd3 gxf4 22. Bxf4 Ng6 23. Bg3 Qa6 24. Rf3 d4 25. b4 Qc4 26. b5 Nce7 27. cxd4 Qxd4 28. Bf2 Rc2 29. Kg1 Qc4 30. Qxa5 O-O 31. Qb4 Qc7 32. Qd6 Nd5 33. Qxc7 Rxc7 34. a5 Ra8 35. a6 bxa6 36. bxa6 Rc3 37. Rxc3 Nxc3 38. Nb4 Nd5 39. Nxd5 exd5 40. a7 Nxe5 41. Rb3 Nc6 42. Rb7 d4 43. Rb6 Nxa7 44. Ra6 d3 45. Kf1 d2 46. Ke2 Rd8 47. Kd1 Nb5 48. Rc6 Rd3 49. h4 Nc3+ 50. Rxc3 Rxc3 51. Kxd2 Rc4 52. g5 g6 53. Ke3 Kf8 54. Kd3 Rg4 55. Ke3 Ke7 56. Kf3 Rc4 57. Be3 Ke6 58. Bf2 Kf5 59. Ke3 Kg4 60. Be1 Kh3 61. Kf3 Rxh4 62. Bxh4 Kxh4 63. Kf4 Kh5 64. Kf3 Kxg5 65. Kg3 Kf5 66. Kf3 g5 67. Kg3 g4 68. Kg2 Kf4 69. Kf2 g3+ 70. Kg2 Kg4 71. Kg1 Kf3 72. Kf1 g2+ 73. Kg1 f6 74. Kh2 Kf2 75. Kh3 g1=Q 76. Kh4 Qg5+ 77. Kh3 Qg3# 0-1


[Site "https://www.chess.com"]

[Event "Titled Tuesday Blitz May 03 Early 2022"]
[White "Rom, Jasper"]
[Black "Reprintsev, Alexander"]
[WhiteFideId "2023733"]
[BlackFideId "14100541"]
[WhiteElo "2233"]
[BlackElo "2108"]
[Result "0-1"]
[Round "08"]
[TimeControl "180+1"]
[Date "2022.05.03"]
[WhiteClock "0:00:01"]
[BlackClock "0:01:42"]

1. e4 d5 2. exd5 Qxd5 3. Nc3 Qa5 4. d4 Nf6 5. Nf3 Nc6 6. Bb5 Ne4 7. O-O Nxc3 8. Bxc6+ bxc6 9. Qd2 Bg4 10. Qxc3 Qxc3 11. bxc3 Bxf3 12. gxf3 Rb8 13. Bf4 Kd7 14. Rab1 Rb6 15. c4 g5 16. Be3 Bg7 17. c5 Ra6 18. Rb2 e5 19. c3 h6 20. Rd1 Ke6 21. Rb7 Rc8 22. Rd2 Ra3 23. c4 exd4 24. Bxd4 Bxd4 25. Rxd4 Rxa2 26. Re4+ Kf6 27. Kg2 a5 28. Ra7 a4 29. Ra6 Kg7 30. Rxc6 Rb8 31. Re1 Rb7 32. Ra6 Rbb2 33. Rf1 Rc2 34. Ra7 Rxc4 35. Rxc7 a3 36. Kg3 Kg6 37. Re1 h5 38. Rd1 h4+ 39. Kg2 Rcc2 40. Rd6+ f6 41. Rcc6 Rxf2+ 42. Kg1 Rg2+ 43. Kf1 Raf2+ 44. Ke1 Rxf3 45. Ra6 Rxh2 0-1


[Site "https://www.chess.com"]

[Event "Titled Tuesday Blitz May 03 Early 2022"]
[White "Rosen, Eric"]
[Black "Odegov, Artem"]
[WhiteFideId "2032562"]
[BlackFideId "34183644"]
[WhiteElo "2362"]
[BlackElo "2286"]
[Result "1-0"]
[Round "08"]
[TimeControl "180+1"]
[Date "2022.05.03"]
[WhiteClock "0:00:10"]
[BlackClock "0:00:03"]

1. d4 d5 2. Bf4 Nf6 3. e3 Bf5 4. Nd2 e6 5. c4 Nbd7 6. Qb3 Qc8 7. Rc1 c6 8. Ngf3 Be7 9. Be2 O-O 10. O-O h6 11. h3 a5 12. a3 Bh7 13. Rfd1 Rd8 14. Nf1 Nf8 15. Ne5 dxc4 16. Bxc4 Ng6 17. Nxg6 Bxg6 18. Nd2 Ne4 19. Nf3 Bh5 20. Be2 Bf6 21. Qc2 Nd6 22. e4 Bg6 23. Bd3 Nb5 24. Qa4 Nxd4 25. Nxd4 Rxd4 26. Qc2 Qe8 27. Be3 Rd7 28. Bb6 Bd4 29. Bxd4 Rxd4 30. f3 Rad8 31. Be2 Qd7 32. Kh1 h5 33. Qb3 Rd2 34. Rxd2 Qxd2 35. Rd1 Qg5 36. Rxd8+ Qxd8 37. Qxb7 Qd2 38. Ba6 h4 39. Qxc6 Qxb2 40. Qc5 Qb1+ 41. Kh2 Qb8+ 42. Kg1 Qb1+ 43. Bf1 Qe1 44. Qf2 Qc3 45. a4 Qf6 46. Qc5 Qb2 47. Qxa5 Qd4+ 48. Kh1 Qd1 49. Qb5 Bh5 50. a5 Bxf3 51. gxf3 Qxf3+ 52. Kg1 Qg3+ 53. Kh1 Qf3+ 54. Bg2 Qd1+ 55. Kh2 Qd6+ 56. e5 Qa3 57. a6 Qg3+ 58. Kg1 Qe1+ 59. Bf1 Qe3+ 60. Kh1 Qe4+ 61. Bg2 Qe1+ 62. Kh2 Qg3+ 63. Kg1 Qe3+ 64. Kf1 Qc1+ 65. Kf2 Qd2+ 66. Qe2 Qf4+ 67. Kg1 Qd4+ 68. Kh1 Qa1+ 69. Bf1 Qa3 70. Qf2 Qa4 71. a7 Qe4+ 72. Bg2 Qb1+ 73. Qg1 Qa2 74. a8=Q+ Qxa8 75. Bxa8 g6 76. Be4 Kg7 77. Qg5 f6 78. Qxg6+ Kh8 79. Qh7# 1-0


[Site "https://www.chess.com"]

[Event "Titled Tuesday Blitz May 03 Early 2022"]
[White "Rustemov, Alexander"]
[Black "Bartel, Michal"]
[WhiteFideId "4119002"]
[BlackFideId "1119257"]
[WhiteElo "2716"]
[BlackElo "2211"]
[Result "0-1"]
[Round "08"]
[TimeControl "180+1"]
[Date "2022.05.03"]
[WhiteClock "0:00:11"]
[BlackClock "0:02:03"]

1. d4 Nf6 2. c4 c5 3. d5 e6 4. Nc3 exd5 5. cxd5 d6 6. e4 g6 7. h3 Bg7 8. Bd3 O-O 9. Nf3 Re8 10. O-O c4 11. Bxc4 Nxe4 12. Nxe4 Rxe4 13. Bg5 Qb6 14. Bd3 Re8 15. Re1 Bd7 16. Rxe8+ Bxe8 17. Qe2 Nd7 18. Rb1 Rc8 19. b3 Qa5 20. Bc4 Nb6 21. Be7 Nxd5 22. Bxd5 Qxd5 23. Rd1 Qb5 24. Qe3 Qa6 25. Qd2 Bc6 26. Bxd6 Bxf3 27. gxf3 Rd8 28. Qb4 Bf8 29. Bxf8 Rxd1+ 30. Kh2 Qf1 31. Kg3 Qg1+ 32. Kf4 Qxf2 33. Bc5 Qh4+ 34. Ke3 Qxb4 35. Bxb4 Rh1 0-1


[Site "https://www.chess.com"]

[Event "Titled Tuesday Blitz May 03 Early 2022"]
[White "Sailer, Mike"]
[Black "Bifulco, Michel"]
[WhiteFideId "2012901"]
[BlackFideId "828580"]
[WhiteElo "2109"]
[BlackElo "2165"]
[Result "0-1"]
[Round "08"]
[TimeControl "180+1"]
[Date "2022.05.03"]
[WhiteClock "0:00:01"]
[BlackClock "0:00:39"]

1. d4 Nf6 2. Nf3 g6 3. Bf4 Bg7 4. e3 O-O 5. Be2 d6 6. O-O Nbd7 7. h3 c5 8. c4 cxd4 9. exd4 d5 10. c5 Re8 11. Nc3 Ne4 12. Re1 Nxc3 13. bxc3 e5 14. Bg5 f6 15. Be3 e4 16. Nd2 f5 17. c4 Nf6 18. Bg5 Be6 19. cxd5 Bxd5 20. Nc4 h6 21. Bxf6 Qxf6 22. Ne5 f4 23. f3 e3 24. Qc2 g5 25. Bd3 Rxe5 26. dxe5 Qxe5 27. Bh7+ Kh8 28. Be4 Bxe4 29. fxe4 Re8 30. Rab1 Re7 31. Rb4 h5 32. c6 bxc6 33. Qxc6 Kh7 34. Rb5 Qc3 35. Qxc3 Bxc3 36. Re2 Kg6 37. Rc5 Bd4 38. Rc6+ Kf7 39. Rh6 Rxe4 40. Rxh5 Kg6 41. g4 fxg3 42. Rxg5+ Kxg5 43. Kg2 Kf4 44. h4 Bh8 0-1


[Site "https://www.chess.com"]

[Event "Titled Tuesday Blitz May 03 Early 2022"]
[White "Samarth, J Rao"]
[Black "Estrada Nieto, Julian"]
[WhiteFideId "46652370"]
[BlackFideId "5101018"]
[WhiteElo "1514"]
[BlackElo "2252"]
[Result "1-0"]
[Round "08"]
[TimeControl "180+1"]
[Date "2022.05.03"]
[WhiteClock "0:00:20"]
[BlackClock "0:00:04"]

1. d4 Nf6 2. c4 e6 3. Nf3 c5 4. e3 d5 5. cxd5 exd5 6. Nc3 Nc6 7. Bb5 cxd4 8. exd4 Be7 9. O-O O-O 10. Be3 Bg4 11. Be2 Rc8 12. h3 Bh5 13. Rc1 Re8 14. Ne5 Bxe2 15. Nxe2 Qb6 16. Qb3 Qxb3 17. axb3 Bd6 18. f4 Ne4 19. Nc3 Nb4 20. Nb5 Bb8 21. Rfd1 f6 22. Nf3 Nd6 23. Rxc8 Rxc8 24. Nc3 Nf5 25. Bc1 h5 26. g4 hxg4 27. hxg4 Nh6 28. g5 Nf5 29. gxf6 gxf6 30. Kf2 Kf7 31. Bd2 Nd3+ 32. Ke2 Nxf4+ 33. Bxf4 Bxf4 34. Nxd5 Rc2+ 35. Kd3 Rf2 36. Nxf4 Rxf3+ 37. Ke4 Nh4 38. d5 f5+ 39. Ke5 Re3+ 40. Kd6 Rxb3 41. Kc7 Rb4 42. d6 Rc4+ 43. Kb8 Rxf4 44. d7 Re4 45. d8=Q Re8 46. Rd7+ Kf8 47. Kxb7 Rxd8 48. Rxd8+ Ke7 49. Rh8 Ng6 50. Rh1 f4 51. Kxa7 Kf6 52. b4 Ne5 53. b5 f3 54. b6 Kf5 55. b7 Nc6+ 56. Kb6 Nb8 57. Kc7 Na6+ 58. Kc8 Kf4 59. Ra1 f2 60. Rxa6 f1=Q 61. Rf6+ Ke3 62. Rxf1 Ke2 63. b8=Q Kd2 64. Qh2+ Kd3 65. Qg2 Ke3 66. Rf3+ Ke4 67. Qg4+ Ke5 68. Rf5+ Ke6 69. Qg6+ Ke7 70. Rf7+ 1-0


[Site "https://www.chess.com"]

[Event "Titled Tuesday Blitz May 03 Early 2022"]
[White "Sanchez, Robert"]
[Black "Dang, Hoang Son"]
[WhiteFideId "2034360"]
[BlackFideId "12402435"]
[WhiteElo "2446"]
[BlackElo "2252"]
[Result "0-1"]
[Round "08"]
[TimeControl "180+1"]
[Date "2022.05.03"]
[WhiteClock "0:00:13"]
[BlackClock "0:00:16"]

1. e4 e5 2. Nf3 Nc6 3. Bb5 Nf6 4. d3 Bc5 5. Nc3 O-O 6. a3 Nd4 7. Nxd4 Bxd4 8. Bc4 c6 9. Bg5 h6 10. Bxf6 Qxf6 11. O-O d6 12. Rb1 b5 13. Ba2 a5 14. Ne2 Bb6 15. Ng3 Rd8 16. Qe2 b4 17. Kh1 bxa3 18. bxa3 Bc5 19. f4 Be6 20. fxe5 Qxe5 21. Bxe6 fxe6 22. Qg4 Rf8 23. c3 Qxc3 24. Qxe6+ Kh8 25. Nf5 Rf6 26. Qe7 Rg8 27. Rb7 d5 28. Qd7 Qxd3 29. Rfb1 Qxe4 30. Nxg7 Rg6 31. Qh3 R8xg7 32. Rb8+ Kh7 0-1


[Site "https://www.chess.com"]

[Event "Titled Tuesday Blitz May 03 Early 2022"]
[White "Sebag, Marie"]
[Black "Khabinets, Ivan"]
[WhiteFideId "617822"]
[BlackFideId "14115980"]
[WhiteElo "2440"]
[BlackElo "2114"]
[Result "1-0"]
[Round "08"]
[TimeControl "180+1"]
[Date "2022.05.03"]
[WhiteClock "0:00:30"]
[BlackClock "0:00:12"]

1. e4 c5 2. Nc3 Nc6 3. Bb5 Nd4 4. Nf3 e6 5. O-O a6 6. Bd3 Nc6 7. Rb1 Nf6 8. a3 d5 9. exd5 Nxd5 10. Re1 Be7 11. Nxd5 Qxd5 12. Be4 Qd7 13. b4 cxb4 14. axb4 Nxb4 15. Ne5 Qc7 16. Qh5 Bf6 17. d4 Nxc2 18. Bxc2 Bxe5 19. Qxe5 Qxc2 20. Qxg7 Qxb1 21. Qxh8+ Kd7 22. d5 b5 23. dxe6+ fxe6 24. Rd1+ Kc6 25. Qe8+ Kb7 26. Qe7+ Bd7 27. Qxd7+ Kb6 28. Be3+ Ka5 29. Rxb1 1-0


[Site "https://www.chess.com"]

[Event "Titled Tuesday Blitz May 03 Early 2022"]
[White "Shuvalov, Evgenij"]
[Black "Jian, Alex"]
[WhiteFideId "4187237"]
[BlackFideId "30901022"]
[WhiteElo "2130"]
[BlackElo "2111"]
[Result "1-0"]
[Round "08"]
[TimeControl "180+1"]
[Date "2022.05.03"]
[WhiteClock "0:00:05"]
[BlackClock "0:00:04"]

1. Nf3 Nf6 2. c4 e6 3. g3 d5 4. Bg2 dxc4 5. O-O Nbd7 6. Na3 Bxa3 7. bxa3 c5 8. Qc2 O-O 9. Qxc4 b6 10. Nd4 Ne5 11. Qc2 Rb8 12. Nb5 a6 13. Bb2 Nc4 14. Qxc4 axb5 15. Qxb5 Qxd2 16. Be5 Bd7 17. Qb1 Rbd8 18. Qxb6 c4 19. Bxf6 gxf6 20. e3 c3 21. Rfc1 Ba4 22. Qb4 Bc2 23. a4 Rb8 24. Qg4+ Kh8 25. a5 Bd3 26. Qd4 e5 27. Qxc3 Qxc3 28. Rxc3 Ba6 29. Rc6 Bb5 30. Rb6 Bd3 31. Rxf6 e4 32. Rb6 Ra8 33. Rb4 f5 34. g4 Rxa5 35. gxf5 Raxf5 36. Bxe4 Bxe4 37. Rxe4 Rxf2 38. a4 Rb2 39. Rf4 Rd8 40. Rf2 Rb6 41. a5 Ra6 42. Rb2 Rd5 43. Rb8+ Kg7 44. Rb7+ Kg8 45. Rc1 Ra8 46. a6 Rd6 47. a7 Rdd8 48. Rcc7 Re8 49. Kf2 Red8 50. Ke2 h6 51. Rg7+ Kh8 52. Rh7+ Kg8 53. Rbg7+ Kf8 54. Rb7 Kg8 55. Rxh6 Rdc8 56. Rg6+ Kh8 57. Rgb6 Kg8 58. Rb8 1-0


[Site "https://www.chess.com"]

[Event "Titled Tuesday Blitz May 03 Early 2022"]
[White "Shyaamnikhil P"]
[Black "Lehtosaari, Mauri"]
[WhiteFideId "5024218"]
[BlackFideId "501999"]
[WhiteElo "2329"]
[BlackElo "2533"]
[Result "1/2-1/2"]
[Round "08"]
[TimeControl "180+1"]
[Date "2022.05.03"]
[WhiteClock "0:01:01"]
[BlackClock "0:00:25"]

1. e4 d5 2. exd5 Qxd5 3. Nc3 Qe5+ 4. Be2 c6 5. Nf3 Qc7 6. O-O Bf5 7. d4 e6 8. Ne5 Nd7 9. g4 Bg6 10. f4 Nxe5 11. fxe5 O-O-O 12. Be3 Ne7 13. a4 h5 14. h3 hxg4 15. hxg4 Nd5 16. Nxd5 exd5 17. Bd3 Qe7 18. Bxg6 fxg6 19. Kg2 Qe6 20. Bg5 Be7 21. Bxe7 Qxe7 22. Qe2 Qg5 23. Rh1 Qf4 24. c3 a6 25. Rxh8 Rxh8 26. Rh1 Rxh1 27. Kxh1 Qg3 28. Qg2 Qh4+ 29. Kg1 Qe1+ 30. Kh2 Qh4+ 31. Kg1 Qe1+ 32. Kh2 Qh4+ 33. Kg1 1/2-1/2


[Site "https://www.chess.com"]

[Event "Titled Tuesday Blitz May 03 Early 2022"]
[White "Silvestre, Christian"]
[Black "Omariev, Maksim"]
[WhiteFideId "30956269"]
[BlackFideId "4193423"]
[WhiteElo "2361"]
[BlackElo "2506"]
[Result "0-1"]
[Round "08"]
[TimeControl "180+1"]
[Date "2022.05.03"]
[WhiteClock "0:00:06"]
[BlackClock "0:00:08"]

1. Nf3 d5 2. d4 c6 3. Bf4 Nf6 4. e3 Qb6 5. Qc1 Bf5 6. c3 e6 7. h3 c5 8. Nh4 Be4 9. Nd2 Nc6 10. Nxe4 dxe4 11. g4 Rc8 12. dxc5 Bxc5 13. Be2 Nd5 14. Bg3 O-O 15. Ng2 Kh8 16. Qc2 f5 17. O-O Nce7 18. Qb3 g5 19. Be5+ Kg8 20. Rad1 Qxb3 21. axb3 Nc6 22. Bd4 Bxd4 23. exd4 f4 24. f3 e3 25. Rfe1 Rfd8 26. Bd3 Kg7 27. Be4 h6 28. b4 Nf6 29. Bd3 a6 30. b5 axb5 31. Bxb5 Ra8 32. Ra1 Nd5 33. Kf1 Kf6 34. Ke2 e5 35. Bxc6 bxc6 36. dxe5+ Kxe5 37. Red1 Nb6 38. Rxa8 Rxa8 39. Ne1 Nc4 40. Nd3+ Kf6 41. b3 Nd2 42. b4 Ra2 43. Nc1 Rb2 44. Nd3 Rc2 45. Rc1 Ra2 46. Kd1 Nxf3 47. Rc2 Ra1+ 48. Ke2 Ng1# 0-1


[Site "https://www.chess.com"]

[Event "Titled Tuesday Blitz May 03 Early 2022"]
[White "Sirosh, Ilja"]
[Black "Kanyamarala, Trisha"]
[WhiteFideId "4500458"]
[BlackFideId "45004722"]
[WhiteElo "2241"]
[BlackElo "2079"]
[Result "1-0"]
[Round "08"]
[TimeControl "180+1"]
[Date "2022.05.03"]
[WhiteClock "0:01:48"]
[BlackClock "0:01:31"]

1. e4 c5 2. Nf3 d6 3. d4 cxd4 4. Nxd4 Nf6 5. Nc3 Nc6 6. Nd5 e6 7. Nxf6+ gxf6 8. Nxc6 bxc6 9. Be2 Bb7 10. O-O Qc7 11. c4 O-O-O 12. Be3 Kb8 13. Qa4 c5 14. f3 h5 15. b4 h4 16. Rab1 Ka8 17. Rb2 Bh6 18. Bf2 Rhg8 19. Rfb1 Bc6 20. b5 Bd7 21. Qa3 Qb6 22. Be1 h3 23. g3 Bf4 24. Ba5 Qb7 25. Bxd8 Bxg3 26. hxg3 Rxg3+ 27. Kf2 Rg2+ 28. Ke3 d5 29. b6 a6 30. cxd5 exd5 31. Bxa6 d4+ 32. Kd3 c4+ 33. Bxc4+ Kb8 34. Bc7+ Kc8 35. Bd5 Bc6 36. Qf8+ Kd7 37. Qd8# 1-0


[Site "https://www.chess.com"]

[Event "Titled Tuesday Blitz May 03 Early 2022"]
[White "Sjugirov, Sanan"]
[Black "Gharibyan, Mamikon"]
[WhiteFideId "4189302"]
[BlackFideId "13308300"]
[WhiteElo "2602"]
[BlackElo "2254"]
[Result "1-0"]
[Round "08"]
[TimeControl "180+1"]
[Date "2022.05.03"]
[WhiteClock "0:00:33"]
[BlackClock "0:00:01"]

1. e4 e5 2. Nf3 Nc6 3. Bc4 Bc5 4. d3 Nf6 5. c3 d6 6. Nbd2 a5 7. h3 O-O 8. Bb3 Ba7 9. Nf1 Ne7 10. Ng3 Ng6 11. O-O Re8 12. Re1 Be6 13. Ba4 Bd7 14. Bc2 d5 15. Bg5 h6 16. Bxf6 Qxf6 17. exd5 Nf4 18. d4 exd4 19. Rxe8+ Rxe8 20. Nxd4 Nxd5 21. Ndf5 Bxf5 22. Nxf5 c6 23. Qf3 Qg5 24. Nd6 Rf8 25. Bb3 Bb8 26. Ne4 Qe5 27. g3 Re8 28. Nc5 Qe7 29. Bxd5 cxd5 30. Nd3 Ba7 31. Re1 Qd7 32. Rxe8+ Qxe8 33. Qxd5 Qe2 34. Qxb7 Qxd3 35. Qxa7 Qb1+ 36. Kg2 Qxa2 37. Qb7 g6 38. Qb5 a4 39. c4 h5 40. h4 Kg7 41. Qb4 Kg8 42. Qc3 Kh7 43. Qd4 Kg8 44. c5 Qe6 45. Qd8+ Kh7 46. Qd6 Qe4+ 47. Kh2 Qf3 48. Qd4 Qb7 49. Qxa4 Qxb2 50. Qf4 Qb3 51. c6 Qe6 52. c7 Qd7 53. Qc4 1-0


[Site "https://www.chess.com"]

[Event "Titled Tuesday Blitz May 03 Early 2022"]
[White "Skliarov, Viktor"]
[Black "Ismagambetov, Anuar"]
[WhiteFideId "14106736"]
[BlackFideId "13701525"]
[WhiteElo "2229"]
[BlackElo "2487"]
[Result "1-0"]
[Round "08"]
[TimeControl "180+1"]
[Date "2022.05.03"]
[WhiteClock "0:00:09"]
[BlackClock "0:01:00"]

1. e4 c5 2. Nf3 Nc6 3. Bb5 g6 4. O-O Bg7 5. Re1 e5 6. Bxc6 dxc6 7. d3 f6 8. Be3 b6 9. Nbd2 Nh6 10. a3 O-O 11. b4 cxb4 12. axb4 Be6 13. Ra6 Nf7 14. Qa1 Qb8 15. d4 Bc8 16. Ra3 exd4 17. Bxd4 Nd6 18. c4 Bg4 19. h3 Be6 20. e5 fxe5 21. Bxe5 Bxe5 22. Qxe5 Bf7 23. Qd4 Rd8 24. Qg4 Qc8 25. Ne5 Qxg4 26. hxg4 c5 27. bxc5 bxc5 28. Rea1 Nc8 29. Ne4 Re8 30. Nf6+ Kg7 31. Nxe8+ Bxe8 32. g5 Rb8 33. f4 Rb2 34. R3a2 Rb4 35. Rd2 Kf8 36. Rd8 Nb6 37. Rxa7 Nxc4 38. Rf7+ 1-0


[Site "https://www.chess.com"]

[Event "Titled Tuesday Blitz May 03 Early 2022"]
[White "Souleidis, Georgios"]
[Black "Mikhalsky, Vladimir"]
[WhiteFideId "4206827"]
[BlackFideId "14144352"]
[WhiteElo "2401"]
[BlackElo "2301"]
[Result "1-0"]
[Round "08"]
[TimeControl "180+1"]
[Date "2022.05.03"]
[WhiteClock "0:00:27"]
[BlackClock "0:00:01"]

1. e4 g6 2. d4 Bg7 3. Nf3 d6 4. Bc4 a6 5. c3 e6 6. O-O b5 7. Bb3 Bb7 8. Re1 Nd7 9. Nbd2 c5 10. dxc5 Nxc5 11. Bc2 Nf6 12. b4 Ncd7 13. Nb3 Qc7 14. Bb2 Nb6 15. Na5 Nc4 16. Nxc4 Qxc4 17. Bd3 Qc7 18. a4 O-O 19. axb5 axb5 20. Nd4 Qb6 21. Qe2 d5 22. e5 Ne4 23. f3 f6 24. exf6 Nxf6 25. Qxe6+ Qxe6 26. Nxe6 Rfe8 27. Nxg7 Kxg7 28. Bxb5 Rxe1+ 29. Rxe1 Ra2 30. Re2 Kf7 31. c4 d4 32. c5 Bd5 33. Kf2 d3 34. Bxd3 Ra4 35. Bxf6 Kxf6 36. Rb2 Ra3 37. Be2 Ke7 38. b5 Kd7 39. Rd2 Ke6 40. c6 Rc3 41. f4 Kd6 42. Rb2 Kc7 43. Bf3 Bxf3 44. gxf3 Kb6 45. Kg3 Rc5 46. Kg4 Rh5 47. h4 Rf5 48. Rc2 Kc7 49. b6+ Kxb6 50. c7 1-0


[Site "https://www.chess.com"]

[Event "Titled Tuesday Blitz May 03 Early 2022"]
[White "Stanisz, Patryk"]
[Black "Sztokbant, Bernardo Vainzoff"]
[WhiteFideId "1123106"]
[BlackFideId "2115956"]
[WhiteElo "1833"]
[BlackElo "2225"]
[Result "1-0"]
[Round "08"]
[TimeControl "180+1"]
[Date "2022.05.03"]
[WhiteClock "0:00:17"]
[BlackClock "0:00:03"]

1. Nf3 c5 2. b3 Nf6 3. Bb2 e6 4. e3 d5 5. c4 Nc6 6. Be2 Be7 7. O-O O-O 8. d3 a6 9. Nbd2 b5 10. Ne5 Nxe5 11. Bxe5 Nd7 12. Bb2 Bf6 13. Bxf6 Qxf6 14. cxd5 exd5 15. Bf3 Bb7 16. b4 cxb4 17. Qb3 a5 18. Rac1 Qd6 19. Qb2 Rfc8 20. Nb3 Ne5 21. Be2 a4 22. Nd4 Ba6 23. f4 Nd7 24. Nf5 Qf6 25. Qxf6 Nxf6 26. Ne7+ Kf8 27. Nxc8 Bxc8 28. Rc5 Bd7 29. Rb1 b3 30. axb3 a3 31. b4 Ke7 32. Rc2 Ra4 33. Ra2 d4 34. e4 Be6 35. Raa1 g6 36. Bd1 Ra7 37. Bb3 Bd7 38. h3 Nh5 39. Rf1 Ng3 40. Rf2 h5 41. Kh2 h4 42. Rfa2 Rc7 43. Rxa3 f6 44. Ra7 Rc3 45. Bd5 Rc2 46. R7a2 g5 47. Rxc2 1-0


[Site "https://www.chess.com"]

[Event "Titled Tuesday Blitz May 03 Early 2022"]
[White "Suarez Uriel, Adrian"]
[Black "Jakubiec, Artur"]
[WhiteFideId "22230874"]
[BlackFideId "1103261"]
[WhiteElo "2316"]
[BlackElo "2473"]
[Result "1-0"]
[Round "08"]
[TimeControl "180+1"]
[Date "2022.05.03"]
[WhiteClock "0:00:21"]
[BlackClock "0:00:19"]

1. e4 c5 2. Ne2 Nc6 3. d4 cxd4 4. Nxd4 e5 5. Nb5 d6 6. N1c3 a6 7. Na3 Be6 8. Nc4 Rc8 9. Be3 b5 10. Nb6 Rb8 11. Nbd5 b4 12. Ne2 Nf6 13. Nxf6+ Qxf6 14. Ng3 h5 15. h4 g6 16. Bxa6 Qd8 17. Qd3 Be7 18. Bc4 O-O 19. Bxe6 fxe6 20. Ne2 Qc7 21. Rd1 Na5 22. Bh6 Rf7 23. Bg5 Bf8 24. O-O Nc4 25. Qb3 Rd7 26. Rfe1 d5 27. exd5 exd5 28. Ng3 Bc5 29. Re2 Rf8 30. Nf1 Nb6 31. Be3 Bxe3 32. Nxe3 Qc6 33. Qxb4 d4 34. Qb3+ Kg7 35. Nf1 Re8 36. Ng3 e4 37. Rde1 e3 38. fxe3 Qd6 39. exd4 Qxd4+ 40. Re3 Nd5 41. Nf1 Rde7 42. Qxd5 Qxd5 43. Rxe7+ Rxe7 44. Rxe7+ Kf6 45. Re3 Qc5 46. c3 Qc4 47. a3 Qxh4 48. b4 Qc4 49. a4 g5 50. a5 g4 51. Kf2 h4 52. Nd2 Qa2 53. Rd3 Qc2 54. Ke3 Kf5 55. a6 Qa4 56. Rd5+ Ke6 57. Ra5 Qc2 58. a7 Qxc3+ 59. Ke2 Qe5+ 60. Rxe5+ Kxe5 61. a8=Q 1-0


[Site "https://www.chess.com"]

[Event "Titled Tuesday Blitz May 03 Early 2022"]
[White "Svane, Rasmus"]
[Black "Visakh N R"]
[WhiteFideId "4657101"]
[BlackFideId "25012223"]
[WhiteElo "2645"]
[BlackElo "2448"]
[Result "0-1"]
[Round "08"]
[TimeControl "180+1"]
[Date "2022.05.03"]
[WhiteClock "0:00:03"]
[BlackClock "0:01:10"]

1. Nf3 d5 2. g3 Nd7 3. d4 Nb6 4. Nc3 h6 5. e4 dxe4 6. Nxe4 Nf6 7. Bd3 Bg4 8. h3 Bh5 9. g4 Bg6 10. Nxf6+ exf6 11. Bxg6 fxg6 12. Qd3 Qe7+ 13. Be3 Qf7 14. Qe4+ Be7 15. Qxb7 O-O 16. O-O Nd5 17. Rae1 Rab8 18. Qxa7 Rxb2 19. c4 Nxe3 20. Rxe3 Bd6 21. c5 Bf4 22. Rb3 Rxb3 23. axb3 f5 24. Qb7 fxg4 25. hxg4 Qe6 26. Ne5 Bxe5 27. dxe5 Qxe5 28. Rd1 h5 29. Qd5+ Qxd5 30. Rxd5 Rf3 31. b4 Rf4 32. gxh5 Rxb4 33. Rd8+ Kh7 34. hxg6+ Kxg6 35. Rd7 Rc4 36. Rxc7 Kf5 37. Kg2 g5 38. c6 Rc2 39. Rc8 Ke6 40. Kg3 Rc4 41. f3 Kd6 42. Rd8+ Ke6 43. Re8+ Kf7 44. Rc8 Kg7 45. Kf2 Rc3 46. Ke2 Kh7 0-1


[Site "https://www.chess.com"]

[Event "Titled Tuesday Blitz May 03 Early 2022"]
[White "Sychev, Klementy"]
[Black "Oparin, Grigoriy"]
[WhiteFideId "4114060"]
[BlackFideId "24125890"]
[WhiteElo "2564"]
[BlackElo "2665"]
[Result "1-0"]
[Round "08"]
[TimeControl "180+1"]
[Date "2022.05.03"]
[WhiteClock "0:00:50"]
[BlackClock "0:00:01"]

1. d4 d5 2. c4 e6 3. Nf3 Nf6 4. Nc3 Be7 5. Bf4 O-O 6. e3 Nbd7 7. cxd5 Nxd5 8. Nxd5 exd5 9. Bd3 c5 10. O-O c4 11. Bc2 Nf6 12. Ne5 b5 13. Nc6 Qd7 14. Nxe7+ Qxe7 15. Bg5 h6 16. Bh4 Be6 17. f3 g5 18. Bf2 Nd7 19. e4 f6 20. Re1 Qf7 21. Qd2 Rfe8 22. Qa5 a6 23. Re2 Nf8 24. Rae1 Qd7 25. h4 Bf7 26. hxg5 hxg5 27. Qd2 Ne6 28. e5 Nf4 29. Re3 f5 30. e6 Bxe6 31. Re5 Qf7 32. Bg3 Nd3 33. Qxg5+ Qg7 34. Qxg7+ Kxg7 35. Rxe6 Nxe1 36. Rxe1 Rxe1+ 37. Bxe1 Kf6 38. Bg3 b4 39. Be5+ Ke6 40. g4 fxg4 41. fxg4 a5 42. Bf5+ Ke7 43. g5 a4 44. g6 a3 45. bxa3 b3 46. axb3 cxb3 47. g7 b2 48. Kg2 Kf7 49. Bh7 Ke7 50. Kf2 Kf7 51. a4 Ke7 52. a5 Kf7 53. a6 Ke7 54. a7 Kf7 55. Ke2 b1=Q 56. Bxb1 Kg8 57. Ba2 1-0


[Site "https://www.chess.com"]

[Event "Titled Tuesday Blitz May 03 Early 2022"]
[White "Tan, Jun Ying"]
[Black "Khamdamova, Afruza"]
[WhiteFideId "5710413"]
[BlackFideId "14210444"]
[WhiteElo "1827"]
[BlackElo "1660"]
[Result "1-0"]
[Round "08"]
[TimeControl "180+1"]
[Date "2022.05.03"]
[WhiteClock "0:00:45"]
[BlackClock "0:00:15"]

1. d4 Nf6 2. c4 e6 3. Nc3 d5 4. cxd5 exd5 5. Bg5 Be7 6. e3 O-O 7. Bd3 c6 8. Qc2 Nbd7 9. Nge2 Re8 10. O-O Nf8 11. f3 g6 12. Rad1 Ne6 13. Bh4 Ng7 14. Bf2 Bd6 15. h3 Bc7 16. e4 dxe4 17. fxe4 Ngh5 18. Bh4 h6 19. e5 g5 20. Bf2 Nd5 21. a3 Ndf4 22. Be4 g4 23. Be3 Nxe2+ 24. Nxe2 gxh3 25. Bh7+ Kh8 26. Rxf7 Be6 27. Bg8 Nf6 28. Rh7+ Kxg8 29. Qg6+ 1-0


[Site "https://www.chess.com"]

[Event "Titled Tuesday Blitz May 03 Early 2022"]
[White "Terry, Renato"]
[Black "Cherniaiev, Tykhon"]
[WhiteFideId "3803457"]
[BlackFideId "14182360"]
[WhiteElo "2577"]
[BlackElo "2289"]
[Result "0-1"]
[Round "08"]
[TimeControl "180+1"]
[Date "2022.05.03"]
[WhiteClock "0:00:05"]
[BlackClock "0:00:27"]

1. e4 c5 2. Nf3 e6 3. Nc3 a6 4. g3 b5 5. Bg2 Bb7 6. d3 Nc6 7. O-O Nf6 8. Ng5 h6 9. Nh3 d6 10. f4 Be7 11. g4 Nd4 12. Ne2 Nxe2+ 13. Qxe2 Qd7 14. c4 bxc4 15. dxc4 d5 16. Rd1 Qc7 17. exd5 exd5 18. g5 hxg5 19. fxg5 Nh5 20. Re1 d4 21. Bd2 Bxg2 22. Kxg2 Kf8 23. Qf3 Re8 24. Re4 g6 25. Rf1 Bd6 26. Rxe8+ Kxe8 27. Qa8+ Qb8 28. Qxa6 Kf8 29. b4 Kg7 30. bxc5 Bxh2 31. Qb6 Qg3+ 0-1


[Site "https://www.chess.com"]

[Event "Titled Tuesday Blitz May 03 Early 2022"]
[White "Terzi, Alexei"]
[Black "Bocharov, Dmitry"]
[WhiteFideId "13505076"]
[BlackFideId "4138716"]
[WhiteElo "2031"]
[BlackElo "2541"]
[Result "0-1"]
[Round "08"]
[TimeControl "180+1"]
[Date "2022.05.03"]
[WhiteClock "0:00:59"]
[BlackClock "0:00:56"]

1. e4 c5 2. Nf3 d6 3. d4 cxd4 4. Nxd4 Nf6 5. Nc3 a6 6. Nb3 e6 7. g4 b5 8. g5 b4 9. gxf6 bxc3 10. fxg7 Bxg7 11. bxc3 Bxc3+ 12. Bd2 Bxa1 13. Qxa1 e5 14. Bc4 Be6 15. Bxe6 fxe6 16. Qd1 Qf6 17. Rg1 Rf8 18. Qh5+ Qf7 19. Qh4 Nc6 20. c3 Kd7 21. Nc1 Rg8 22. Rg3 Raf8 23. Nd3 Rxg3 24. hxg3 Qf3 25. Be3 Rf7 26. a4 h5 27. Nb2 Qg4 28. Qh1 Rf3 29. Nc4 h4 30. gxh4 Rh3 31. Qf1 Qxh4 32. Qd3 Rh1+ 33. Kd2 Qe7 34. Nb6+ Ke8 35. Qxa6 Kf7 36. Qb7 Qxb7 0-1


[Site "https://www.chess.com"]